[ AOE2 MATCH · #483942670 ]
Team RMGoths vs Franks
[ REPLAY ANALYSIS · EXTRACTED FROM THE RECORDED GAME ]
Feudal
11:46
Castle
27:23
Imperial
—
| APM avg | 11.0 |
| APM peak | 21 |
| eAPM avg | 8.4 |
| Villagers / military | 50 / 19 |
Focus
⚔️ 19.9% · 🌾 80.1%
Spearman ×19
Feudal
12:19
Castle
17:26
Imperial
—
| APM avg | 19.9 |
| APM peak | 54 |
| eAPM avg | 9.3 |
| Villagers / military | 70 / 11 |
Focus
⚔️ 14.2% · 🌾 85.8%
Conquistador ×6 · Knight ×5
Feudal
10:20
Castle
19:42
Imperial
—
| APM avg | 23.4 |
| APM peak | 49 |
| eAPM avg | 9.9 |
| Villagers / military | 65 / 51 |
Focus
⚔️ 29.9% · 🌾 70.1%
Knight ×46 · Scout Cavalry ×4 · Battering Ram ×1
Feudal
11:02
Castle
19:20
Imperial
—
| APM avg | 21.1 |
| APM peak | 55 |
| eAPM avg | 10.4 |
| Villagers / military | 67 / 16 |
Focus
⚔️ 15.8% · 🌾 84.2%
Camel Scout ×14 · Spearman ×2
Feudal
16:58
Castle
27:20
Imperial
—
| APM avg | 18.3 |
| APM peak | 52 |
| eAPM avg | 11.0 |
| Villagers / military | 119 / 0 |
Focus
⚔️ 9.9% · 🌾 90.1%
Trade Cart ×8
Feudal
11:09
Castle
18:41
Imperial
—
| APM avg | 19.6 |
| APM peak | 51 |
| eAPM avg | 12.3 |
| Villagers / military | 126 / 52 |
Focus
⚔️ 23.6% · 🌾 76.4%
Archer ×35 · Spearman ×13 · Battering Ram ×4
Match map
Initial resources + every placement click. Lines = walls · curves = elevation contours. ◆ gold · ⬟ stone · ● berries · ✦ relic · ◌ wall gap
Your base· Open — unwalled flank
luis.eduardo.briceno's base· Open — unwalled flank
Fatty's base· Open — unwalled flank
PaperParrot9779's base· Open — unwalled flank
Leziggler's base· Open — unwalled flank
zuri_gos's base· Open — unwalled flank
Smoothed initial terrain · ◌ = detected wall gap · hover for details
Inputs per minute
— ChrisMilonas - - luis.eduardo.briceno
Build order — ChrisMilonas
132 actions detected in the replay
| 0:10 | Build | House |
| 0:11 | Build | House |
| 0:21 | Create | Villager (Male) |
| 1:07 | Create | Villager (Male) |
| 1:07 | Create | Villager (Male) |
| 1:07 | Create | Villager (Male) |
| 1:08 | Create | Villager (Male) |
| 1:55 | Create | Villager (Male) |
| 1:55 | Create | Villager (Male) |
| 2:25 | Research | Loom |
| 2:40 | Create | Villager (Male) |
| 2:40 | Create | Villager (Male) |
| 3:41 | Create | Villager (Male) |
| 3:42 | Create | Villager (Male) |
| 3:42 | Create | Villager (Male) |
| 5:07 | Create | Villager (Male) |
| 5:07 | Create | Villager (Male) |
| 5:07 | Create | Villager (Male) |
| 5:07 | Create | Villager (Male) |
| 5:08 | Create | Villager (Male) |
| 5:18 | Build | Lumber Camp |
| 6:09 | Build | House |
| 6:11 | Build | House |
| 6:54 | Create | Villager (Male) |
| 7:24 | Create | Villager (Male) |
| 8:04 | Build | Mill |
| 8:21 | Create | Villager (Male) |
| 8:21 | Create | Villager (Male) |
| 9:04 | Create | Villager (Male) |
| 9:19 | Research | Feudal Age |
| 9:53 | Build | Mining Camp |
| 10:05 | Create | Villager (Male) |
| 10:05 | Create | Villager (Male) |
| 10:42 | Build | Barracks |
| 11:01 | Build | House |
| 11:03 | Build | House |
| 11:46 | Age | Feudal Age |
| 11:47 | Research | Double-Bit Axe |
| 11:52 | Research | Gold Mining |
| 11:56 | Create | Spearman |
| 11:56 | Create | Spearman |
| 12:00 | Create | Villager (Male) |
| 12:00 | Create | Villager (Male) |
| 12:28 | Create | Villager (Male) |
| 12:35 | Build | House |
| 12:46 | Build | Farm |
| 13:05 | Build | House |
| 13:19 | Build | House |
| 13:30 | Build | Farm |
| 13:31 | Build | Farm |
| 14:03 | Create | Villager (Male) |
| 14:04 | Create | Villager (Male) |
| 14:04 | Create | Villager (Male) |
| 14:04 | Create | Villager (Male) |
| 15:10 | Build | Farm |
| 15:11 | Build | Farm |
| 15:16 | Research | Horse Collar |
| 15:24 | Build | Farm |
| 15:33 | Build | Farm |
| 15:55 | Build | Farm |
| 15:57 | Build | Farm |
| 15:58 | Build | Farm |
| 16:02 | Create | Villager (Male) |
| 16:03 | Create | Villager (Male) |
| 16:03 | Create | Villager (Male) |
| 16:03 | Create | Villager (Male) |
| 16:04 | Create | Villager (Male) |
| 16:04 | Create | Villager (Male) |
| 16:04 | Create | Villager (Male) |
| 16:05 | Create | Villager (Male) |
| 16:29 | Build | Blacksmith |
| 17:12 | Build | Market |
| 17:31 | Build | Watch Tower |
| 18:07 | Research | Forging |
| 18:59 | Create | Spearman |
| 18:59 | Create | Spearman |
| 18:59 | Create | Spearman |
| 19:00 | Create | Spearman |
| 20:12 | Build | Farm |
| 20:13 | Build | Farm |
| 20:14 | Build | Farm |
| 20:16 | Build | Farm |
| 20:18 | Build | Farm |
| 20:32 | Create | Villager (Male) |
| 20:32 | Create | Villager (Male) |
| 20:33 | Create | Villager (Male) |
| 20:33 | Create | Villager (Male) |
| 20:48 | Create | Spearman |
| 20:48 | Create | Spearman |
| 20:49 | Create | Spearman |
| 20:50 | Create | Spearman |
| 20:57 | Build | Farm |
| 21:00 | Build | Farm |
| 21:18 | Build | Mining Camp |
| 21:50 | Research | Scale Mail Armor |
| 22:21 | Research | Wheelbarrow |
| 22:22 | Create | Villager (Male) |
| 22:28 | Build | House |
| 22:31 | Build | House |
| 23:29 | Research | Fletching |
| 24:15 | Create | Spearman |
| 24:16 | Create | Spearman |
| 24:16 | Create | Spearman |
| 24:17 | Create | Spearman |
| 24:43 | Research | Castle Age |
| 25:00 | Create | Villager (Male) |
| 25:00 | Create | Villager (Male) |
| 25:00 | Create | Villager (Male) |
| 25:16 | Research | Stone Mining |
| 26:01 | Build | Barracks |
| 26:08 | Build | Barracks |
| 26:26 | Create | Villager (Male) |
| 26:26 | Create | Villager (Male) |
| 26:26 | Create | Villager (Male) |
| 27:23 | Age | Castle Age |
| 27:29 | Research | Heavy Plow |
| 27:33 | Research | Bow Saw |
| 27:36 | Research | Stone Shaft Mining |
| 28:29 | Build | Town Center |
| 29:23 | Research | Pikeman (upgrade) |
| 29:32 | Create | Spearman |
| 29:32 | Create | Spearman |
| 29:32 | Create | Spearman |
| 29:33 | Create | Spearman |
| 29:33 | Create | Spearman |
| 29:35 | Research | Iron Casting |
| 32:57 | Build | Farm |
| 33:05 | Build | Farm |
| 33:09 | Build | Farm |
| 33:12 | Build | Farm |
| 33:16 | Build | Farm |
| 33:23 | Build | Farm |
Build order — luis.eduardo.briceno
134 actions detected in the replay
| 0:04 | Create | Villager (Male) |
| 0:14 | Research | Loom |
| 0:16 | Create | Villager (Male) |
| 0:16 | Create | Villager (Male) |
| 0:16 | Create | Villager (Male) |
| 0:19 | Build | House |
| 0:58 | Build | House |
| 1:03 | Build | House |
| 2:13 | Create | Villager (Male) |
| 2:13 | Create | Villager (Male) |
| 2:23 | Build | House |
| 2:28 | Build | House |
| 2:45 | Create | Villager (Male) |
| 2:45 | Create | Villager (Male) |
| 2:45 | Create | Villager (Male) |
| 2:45 | Create | Villager (Male) |
| 3:15 | Create | Villager (Male) |
| 3:16 | Create | Villager (Male) |
| 3:16 | Create | Villager (Male) |
| 3:28 | Build | Mill |
| 3:45 | Create | Villager (Male) ×2 |
| 3:45 | Create | Villager (Male) ×2 |
| 4:15 | Create | Villager (Male) |
| 4:15 | Create | Villager (Male) |
| 4:28 | Create | Villager (Male) |
| 4:28 | Create | Villager (Male) |
| 4:57 | Create | Villager (Male) |
| 5:41 | Create | Villager (Male) ×3 |
| 5:42 | Create | Villager (Male) ×3 |
| 6:03 | Create | Villager (Male) |
| 6:04 | Create | Villager (Male) |
| 6:04 | Create | Villager (Male) |
| 6:58 | Build | Lumber Camp |
| 7:48 | Create | Villager (Male) |
| 7:48 | Create | Villager (Male) |
| 7:49 | Create | Villager (Male) |
| 9:27 | Create | Villager (Male) |
| 10:09 | Research | Feudal Age |
| 10:09 | Research | Feudal Age |
| 10:09 | Research | Feudal Age |
| 10:25 | Build | Mining Camp |
| 12:19 | Age | Feudal Age |
| 12:28 | Research | Wheelbarrow |
| 12:32 | Create | Villager (Male) |
| 12:36 | Create | Villager (Male) |
| 13:21 | Build | Blacksmith |
| 13:36 | Build | Market |
| 14:46 | Research | Castle Age |
| 14:46 | Research | Castle Age |
| 14:46 | Research | Castle Age |
| 15:15 | Build | House |
| 15:48 | Build | Outpost |
| 15:56 | Research | Horse Collar |
| 16:29 | Build | Watch Tower |
| 17:00 | Build | House |
| 17:24 | Build | Watch Tower |
| 17:26 | Age | Castle Age |
| 17:28 | Build | House |
| 17:48 | Create | Villager (Male) |
| 17:48 | Create | Villager (Male) |
| 17:48 | Create | Villager (Male) |
| 19:14 | Build | Farm |
| 19:18 | Build | Farm |
| 19:19 | Build | Farm |
| 19:20 | Build | Farm |
| 19:21 | Build | Farm |
| 20:26 | Create | Villager (Male) |
| 20:26 | Create | Villager (Male) |
| 20:26 | Create | Villager (Male) |
| 20:32 | Research | Double-Bit Axe |
| 21:02 | Build | Town Center |
| 21:18 | Create | Villager (Male) |
| 21:25 | Build | Farm |
| 21:34 | Build | House |
| 21:49 | Create | Villager (Male) |
| 22:21 | Create | Villager (Male) |
| 23:01 | Build | Stone Wall |
| 23:19 | Create | Villager (Male) |
| 23:19 | Create | Villager (Male) |
| 23:34 | Create | Villager (Male) |
| 23:34 | Create | Villager (Male) |
| 23:55 | Build | Farm |
| 24:13 | Create | Villager (Male) |
| 24:16 | Build | Farm |
| 24:34 | Create | Villager (Male) |
| 25:15 | Build | Castle |
| 25:28 | Build | Farm |
| 25:30 | Create | Villager (Male) |
| 25:30 | Create | Villager (Male) |
| 26:08 | Create | Villager (Male) |
| 26:08 | Create | Villager (Male) |
| 26:12 | Build | Farm |
| 26:23 | Create | Conquistador |
| 26:35 | Build | Farm |
| 26:52 | Build | Outpost |
| 26:58 | Create | Conquistador |
| 27:01 | Create | Villager (Male) |
| 27:04 | Create | Villager (Male) |
| 27:49 | Create | Conquistador |
| 27:49 | Create | Conquistador |
| 27:57 | Build | Farm |
| 27:58 | Create | Villager (Male) |
| 27:58 | Create | Villager (Male) |
| 27:59 | Create | Villager (Male) |
| 28:19 | Create | Conquistador |
| 29:21 | Create | Villager (Male) |
| 29:21 | Create | Villager (Male) |
| 29:23 | Create | Villager (Male) |
| 30:17 | Build | Barracks |
| 30:47 | Build | Stable |
| 30:55 | Create | Villager (Male) |
| 30:55 | Create | Villager (Male) |
| 31:04 | Build | Farm |
| 31:05 | Build | Farm |
| 31:08 | Build | Farm |
| 31:26 | Build | Mining Camp |
| 31:41 | Create | Knight |
| 31:41 | Create | Knight |
| 31:41 | Create | Knight |
| 31:47 | Research | Scale Barding Armor |
| 31:48 | Research | Padded Archer Armor |
| 31:49 | Research | Fletching |
| 31:54 | Create | Villager (Male) |
| 31:54 | Create | Villager (Male) |
| 33:13 | Create | Knight |
| 33:36 | Build | Farm |
| 33:47 | Create | Knight |
| 34:04 | Build | Farm |
| 34:09 | Build | Farm |
| 34:16 | Build | Town Center |
| 34:21 | Create | Villager (Male) |
| 34:21 | Create | Villager (Male) |
| 34:25 | Build | Farm |
| 34:30 | Create | Conquistador |
Build order — Fatty
First 150 of 185 actions detected
| 0:04 | Create | Villager (Male) |
| 0:04 | Create | Villager (Male) |
| 0:06 | Build | House |
| 0:08 | Build | House |
| 0:52 | Create | Villager (Male) |
| 1:11 | Create | Villager (Male) |
| 1:31 | Create | Villager (Male) |
| 1:47 | Create | Villager (Male) |
| 2:22 | Build | Lumber Camp |
| 2:27 | Create | Villager (Male) |
| 2:52 | Create | Villager (Male) |
| 3:13 | Create | Villager (Male) |
| 3:29 | Create | Villager (Male) |
| 3:55 | Build | House |
| 4:27 | Build | Mill |
| 4:31 | Create | Villager (Male) |
| 4:31 | Create | Villager (Male) |
| 5:06 | Create | Villager (Male) |
| 5:29 | Create | Villager (Male) |
| 5:55 | Create | Villager (Male) |
| 6:37 | Create | Villager (Male) |
| 6:37 | Create | Villager (Male) |
| 7:01 | Build | House |
| 7:05 | Research | Loom |
| 7:07 | Create | Villager (Male) |
| 8:05 | Build | Lumber Camp |
| 8:10 | Research | Feudal Age |
| 8:38 | Create | Villager (Male) |
| 8:38 | Create | Villager (Male) |
| 9:07 | Build | Barracks |
| 10:20 | Age | Feudal Age |
| 10:22 | Build | Stable |
| 10:44 | Research | Double-Bit Axe |
| 10:54 | Build | Farm |
| 10:56 | Create | Villager (Male) |
| 11:16 | Create | Villager (Male) |
| 11:19 | Build | Farm |
| 11:20 | Create | Villager (Male) |
| 11:36 | Create | Scout Cavalry |
| 11:36 | Create | Scout Cavalry |
| 11:36 | Create | Scout Cavalry |
| 11:41 | Build | House |
| 12:03 | Build | Farm |
| 12:07 | Build | Farm |
| 12:18 | Create | Villager (Male) |
| 12:21 | Build | House |
| 12:24 | Build | Blacksmith |
| 12:35 | Build | Farm |
| 12:35 | Create | Villager (Male) |
| 12:45 | Build | House |
| 12:54 | Build | Farm |
| 13:04 | Create | Scout Cavalry |
| 13:21 | Build | Farm |
| 13:24 | Build | Farm |
| 13:34 | Build | Mining Camp |
| 13:37 | Create | Villager (Male) |
| 13:46 | Build | House |
| 13:49 | Research | Forging |
| 14:04 | Create | Villager (Male) |
| 14:16 | Build | Palisade Wall |
| 14:27 | Create | Villager (Male) |
| 14:40 | Build | Farm |
| 14:47 | Build | Farm |
| 14:48 | Build | Farm |
| 14:48 | Build | Farm |
| 14:48 | Build | Farm |
| 14:50 | Build | Farm |
| 14:59 | Create | Villager (Male) |
| 15:36 | Build | Farm |
| 15:39 | Build | Farm |
| 15:43 | Create | Villager (Male) |
| 17:02 | Research | Castle Age |
| 17:08 | Build | Farm |
| 18:15 | Build | Stable |
| 18:20 | Research | Scale Barding Armor |
| 18:28 | Research | Gold Mining |
| 18:35 | Build | House |
| 18:42 | Build | Palisade Wall |
| 19:42 | Age | Castle Age |
| 19:49 | Create | Knight |
| 19:49 | Create | Knight |
| 19:50 | Create | Knight |
| 19:50 | Create | Knight |
| 19:50 | Create | Knight |
| 19:57 | Build | Siege Workshop |
| 20:00 | Create | Villager (Male) |
| 20:00 | Create | Villager (Male) |
| 20:00 | Create | Villager (Male) |
| 20:01 | Create | Villager (Male) |
| 20:06 | Research | Bow Saw |
| 20:31 | Research | Husbandry |
| 20:39 | Create | Knight |
| 20:39 | Create | Knight |
| 20:43 | Create | Battering Ram |
| 20:52 | Build | Farm |
| 21:00 | Build | Farm |
| 21:02 | Create | Villager (Male) |
| 21:02 | Create | Villager (Male) |
| 21:34 | Create | Knight |
| 21:34 | Create | Knight |
| 22:00 | Build | Town Center |
| 22:09 | Create | Villager (Male) |
| 22:09 | Create | Villager (Male) |
| 22:10 | Create | Villager (Male) |
| 22:15 | Research | Gold Shaft Mining |
| 23:12 | Create | Knight |
| 23:12 | Create | Knight |
| 23:12 | Create | Knight |
| 23:13 | Create | Knight |
| 23:22 | Create | Villager (Male) |
| 23:22 | Create | Villager (Male) |
| 24:21 | Create | Knight |
| 24:21 | Create | Knight |
| 24:22 | Create | Knight |
| 24:32 | Create | Villager (Male) |
| 24:32 | Create | Villager (Male) |
| 24:45 | Build | House |
| 24:48 | Build | House |
| 24:52 | Build | House |
| 24:59 | Build | Mining Camp |
| 25:03 | Create | Villager (Male) |
| 25:07 | Research | Iron Casting |
| 25:11 | Create | Knight |
| 25:11 | Create | Knight |
| 25:11 | Create | Knight |
| 25:16 | Build | Farm |
| 26:16 | Research | Stone Mining |
| 26:32 | Create | Villager (Male) |
| 26:32 | Create | Villager (Male) |
| 26:33 | Create | Villager (Male) |
| 26:34 | Create | Villager (Male) |
| 26:35 | Create | Villager (Male) |
| 27:03 | Build | Town Center |
| 27:09 | Create | Villager (Male) |
| 27:09 | Create | Villager (Male) |
| 27:10 | Create | Villager (Male) |
| 27:23 | Build | Farm |
| 27:29 | Create | Knight |
| 27:30 | Create | Knight |
| 27:30 | Create | Knight |
| 27:55 | Build | Farm |
| 27:58 | Build | Farm |
| 28:02 | Create | Villager (Male) |
| 28:02 | Create | Villager (Male) |
| 28:03 | Create | Villager (Male) |
| 28:07 | Create | Knight |
| 28:07 | Create | Knight |
| 29:46 | Create | Knight |
| 29:46 | Create | Knight |
| 29:47 | Create | Knight |
Build order — PaperParrot9779
First 150 of 181 actions detected
| 0:03 | Create | Villager (Male) |
| 0:03 | Create | Villager (Male) |
| 0:06 | Build | House |
| 0:10 | Build | House |
| 0:52 | Create | Villager (Male) |
| 0:54 | Create | Villager (Male) |
| 1:30 | Create | Villager (Male) |
| 2:26 | Build | Lumber Camp |
| 2:31 | Create | Villager (Male) |
| 2:32 | Create | Villager (Male) |
| 3:02 | Create | Villager (Male) |
| 3:34 | Create | Villager (Male) |
| 4:04 | Build | House |
| 4:12 | Research | Loom |
| 4:15 | Create | Villager (Male) |
| 4:16 | Create | Villager (Male) |
| 4:17 | Create | Villager (Male) |
| 5:10 | Build | Mill |
| 5:26 | Create | Villager (Male) |
| 5:26 | Create | Villager (Male) |
| 6:38 | Create | Villager (Male) |
| 6:38 | Create | Villager (Male) |
| 7:14 | Build | House |
| 7:37 | Create | Villager (Male) |
| 7:38 | Create | Villager (Male) |
| 8:20 | Create | Villager (Male) |
| 8:48 | Research | Feudal Age |
| 9:26 | Build | House |
| 10:34 | Build | Mining Camp |
| 10:50 | Build | House |
| 11:02 | Create | Villager (Male) |
| 11:02 | Age | Feudal Age |
| 11:29 | Build | Stone Wall |
| 11:50 | Build | Stone Wall |
| 12:20 | Build | Stone Wall |
| 12:28 | Create | Villager (Male) |
| 12:28 | Create | Villager (Male) |
| 12:55 | Build | Stone Wall |
| 13:19 | Build | Market |
| 13:27 | Build | Blacksmith |
| 13:51 | Create | Villager (Male) |
| 13:52 | Create | Villager (Male) |
| 13:53 | Create | Villager (Male) |
| 13:57 | Research | Town Watch |
| 14:24 | Build | Farm |
| 14:44 | Build | Barracks |
| 15:10 | Build | Farm |
| 15:12 | Build | Farm |
| 15:12 | Build | Farm |
| 15:13 | Build | Farm |
| 15:13 | Build | Farm |
| 15:14 | Build | Farm |
| 15:14 | Build | Farm |
| 15:15 | Build | Farm |
| 15:15 | Build | Farm |
| 15:17 | Build | Farm |
| 15:20 | Create | Villager (Male) |
| 15:54 | Build | Gate |
| 16:11 | Build | Stone Wall |
| 16:13 | Build | Stone Wall |
| 16:26 | Build | Gate |
| 16:37 | Create | Villager (Male) |
| 16:39 | Research | Castle Age |
| 16:43 | Create | Villager (Male) |
| 16:43 | Create | Villager (Male) |
| 17:44 | Build | Stable |
| 18:00 | Create | Spearman |
| 18:01 | Create | Spearman |
| 18:13 | Build | Stone Wall |
| 18:31 | Build | Mining Camp |
| 18:40 | Build | Farm |
| 18:42 | Build | Farm |
| 18:43 | Build | Farm |
| 18:52 | Build | Farm |
| 18:58 | Create | Villager (Male) |
| 19:20 | Age | Castle Age |
| 19:26 | Build | House |
| 19:42 | Research | Double-Bit Axe |
| 19:47 | Create | Camel Scout |
| 19:47 | Create | Camel Scout |
| 19:49 | Create | Camel Scout |
| 20:08 | Create | Villager (Male) |
| 20:09 | Create | Villager (Male) |
| 21:16 | Build | Town Center |
| 21:17 | Create | Villager (Male) |
| 21:24 | Research | Bow Saw |
| 21:34 | Build | Farm |
| 21:38 | Build | Farm |
| 22:26 | Create | Camel Scout |
| 22:27 | Research | Husbandry |
| 22:42 | Build | House |
| 22:44 | Build | House |
| 22:46 | Build | House |
| 22:48 | Build | House |
| 23:27 | Create | Villager (Male) |
| 23:28 | Create | Villager (Male) |
| 23:28 | Create | Villager (Male) |
| 23:28 | Create | Villager (Male) |
| 23:29 | Create | Villager (Male) |
| 23:30 | Create | Villager (Male) |
| 24:14 | Build | Farm |
| 24:18 | Create | Villager (Male) |
| 24:18 | Create | Villager (Male) |
| 24:40 | Build | Stone Wall |
| 24:54 | Create | Villager (Male) |
| 24:55 | Create | Villager (Male) |
| 24:55 | Create | Villager (Male) |
| 25:12 | Build | Farm |
| 25:12 | Build | Farm |
| 25:13 | Build | Farm |
| 25:14 | Build | Farm |
| 25:14 | Build | Farm |
| 25:17 | Build | Farm |
| 25:57 | Build | Farm |
| 26:01 | Build | Farm |
| 26:05 | Build | Farm |
| 26:10 | Create | Villager (Male) |
| 26:10 | Create | Villager (Male) |
| 26:11 | Create | Villager (Male) |
| 26:12 | Create | Villager (Male) |
| 26:33 | Build | Farm |
| 26:39 | Build | Farm |
| 27:05 | Build | Farm |
| 28:04 | Build | Town Center |
| 28:09 | Build | Farm |
| 28:25 | Build | Farm |
| 28:53 | Create | Camel Scout |
| 28:53 | Create | Camel Scout |
| 28:54 | Create | Camel Scout |
| 29:04 | Create | Villager (Male) |
| 29:04 | Create | Villager (Male) |
| 29:05 | Create | Villager (Male) |
| 29:05 | Create | Villager (Male) |
| 29:06 | Create | Villager (Male) |
| 29:13 | Research | Bloodlines |
| 29:17 | Research | Scale Barding Armor |
| 29:18 | Research | Forging |
| 29:27 | Research | Light Cavalry (upgrade) |
| 29:41 | Build | Farm |
| 30:39 | Create | Villager (Male) |
| 30:39 | Create | Villager (Male) |
| 30:39 | Create | Villager (Male) |
| 30:40 | Create | Villager (Male) |
| 30:40 | Create | Villager (Male) |
| 30:40 | Create | Villager (Male) |
| 30:41 | Create | Villager (Male) |
| 31:04 | Build | Castle |
| 31:20 | Build | Farm |
| 31:25 | Build | Farm |
| 31:46 | Build | Stable |
Build order — Leziggler
First 150 of 225 actions detected
| 0:07 | Build | House |
| 0:10 | Build | House |
| 0:14 | Create | Villager (Male) |
| 0:14 | Create | Villager (Male) |
| 0:15 | Create | Villager (Male) |
| 0:18 | Research | Loom |
| 0:19 | Create | Villager (Male) |
| 0:19 | Create | Villager (Male) |
| 0:19 | Create | Villager (Male) |
| 0:20 | Create | Villager (Male) |
| 0:20 | Create | Villager (Male) |
| 1:41 | Create | Villager (Male) |
| 1:41 | Create | Villager (Male) |
| 2:18 | Create | Villager (Male) |
| 2:18 | Create | Villager (Male) |
| 3:22 | Create | Villager (Male) |
| 3:22 | Create | Villager (Male) |
| 3:23 | Create | Villager (Male) |
| 3:23 | Create | Villager (Male) |
| 3:23 | Create | Villager (Male) |
| 4:12 | Build | House |
| 4:15 | Build | House |
| 4:19 | Build | House |
| 4:39 | Create | Villager (Male) |
| 4:39 | Create | Villager (Male) |
| 4:39 | Create | Villager (Male) |
| 4:40 | Create | Villager (Male) |
| 5:39 | Create | Villager (Male) |
| 5:39 | Create | Villager (Male) |
| 5:40 | Create | Villager (Male) |
| 5:40 | Create | Villager (Male) |
| 5:40 | Create | Villager (Male) |
| 5:40 | Create | Villager (Male) |
| 6:29 | Create | Villager (Male) |
| 6:29 | Create | Villager (Male) |
| 6:30 | Create | Villager (Male) |
| 6:30 | Create | Villager (Male) |
| 7:04 | Create | Villager (Male) |
| 7:04 | Create | Villager (Male) |
| 7:04 | Create | Villager (Male) |
| 7:05 | Create | Villager (Male) |
| 7:05 | Create | Villager (Male) |
| 7:05 | Create | Villager (Male) |
| 9:33 | Build | Mill |
| 9:53 | Build | Lumber Camp |
| 10:07 | Create | Villager (Male) |
| 10:07 | Create | Villager (Male) |
| 10:07 | Create | Villager (Male) |
| 10:08 | Create | Villager (Male) |
| 10:08 | Create | Villager (Male) |
| 10:08 | Create | Villager (Male) |
| 10:16 | Build | House |
| 10:19 | Build | House |
| 10:22 | Build | House |
| 11:12 | Build | House |
| 11:15 | Build | House |
| 11:18 | Build | House |
| 12:12 | Create | Villager (Male) |
| 12:13 | Create | Villager (Male) |
| 12:13 | Create | Villager (Male) |
| 14:48 | Research | Feudal Age |
| 14:50 | Create | Villager (Male) |
| 14:50 | Create | Villager (Male) |
| 14:51 | Create | Villager (Male) |
| 14:51 | Create | Villager (Male) |
| 14:51 | Create | Villager (Male) |
| 14:51 | Create | Villager (Male) |
| 15:27 | Create | Villager (Male) |
| 15:27 | Create | Villager (Male) |
| 15:28 | Create | Villager (Male) |
| 15:52 | Create | Villager (Male) |
| 16:53 | Build | Barracks |
| 16:58 | Age | Feudal Age |
| 17:00 | Build | Lumber Camp |
| 17:06 | Build | Market |
| 17:11 | Build | Market |
| 17:29 | Research | Double-Bit Axe |
| 17:40 | Build | Farm |
| 17:43 | Build | Farm |
| 17:46 | Build | Farm |
| 17:50 | Build | Farm |
| 17:55 | Build | Farm |
| 17:58 | Build | Farm |
| 18:01 | Build | Farm |
| 18:06 | Build | Farm |
| 18:12 | Build | Farm |
| 18:15 | Build | Farm |
| 18:18 | Build | Farm |
| 18:23 | Build | Farm |
| 18:31 | Build | Farm |
| 18:36 | Build | Farm |
| 18:39 | Build | Farm |
| 18:43 | Build | Farm |
| 18:46 | Build | Mill |
| 18:51 | Build | Farm |
| 19:25 | Build | Farm |
| 19:30 | Build | Farm |
| 19:33 | Build | Farm |
| 19:36 | Build | Farm |
| 19:39 | Build | Farm |
| 19:42 | Build | Farm |
| 19:45 | Build | Farm |
| 19:48 | Build | Farm |
| 19:52 | Build | Mill |
| 20:05 | Create | Villager (Male) |
| 20:05 | Create | Villager (Male) |
| 20:06 | Create | Villager (Male) |
| 20:06 | Create | Villager (Male) |
| 20:06 | Create | Villager (Male) |
| 20:06 | Create | Villager (Male) |
| 20:07 | Create | Villager (Male) |
| 20:07 | Create | Villager (Male) |
| 20:13 | Build | Mining Camp |
| 20:23 | Build | Mining Camp |
| 20:34 | Research | Stone Mining |
| 20:35 | Research | Gold Mining |
| 20:51 | Build | Blacksmith |
| 20:56 | Build | House |
| 20:59 | Build | House |
| 21:20 | Research | Horse Collar |
| 21:41 | Research | Wheelbarrow |
| 23:05 | Build | Archery Range |
| 23:46 | Research | Castle Age |
| 25:22 | Create | Villager (Male) |
| 25:22 | Create | Villager (Male) |
| 25:23 | Create | Villager (Male) |
| 25:23 | Create | Villager (Male) |
| 25:23 | Create | Villager (Male) |
| 25:24 | Create | Villager (Male) |
| 25:50 | Build | Stable |
| 25:55 | Build | Stable |
| 25:59 | Build | Stable |
| 26:05 | Build | Stable |
| 26:45 | Create | Trade Cart |
| 26:45 | Create | Trade Cart |
| 26:46 | Create | Trade Cart |
| 26:46 | Create | Trade Cart |
| 26:47 | Create | Trade Cart |
| 26:47 | Create | Trade Cart |
| 26:48 | Create | Trade Cart |
| 26:48 | Create | Trade Cart |
| 27:20 | Age | Castle Age |
| 27:24 | Build | Siege Workshop |
| 27:30 | Build | Siege Workshop |
| 27:45 | Build | Town Center |
| 28:03 | Build | Town Center |
| 28:17 | Build | Lumber Camp |
| 28:56 | Research | Heavy Plow |
| 29:01 | Create | Villager (Male) |
| 29:02 | Create | Villager (Male) |
Build order — zuri_gos
First 150 of 295 actions detected
| 0:02 | Create | Villager (Male) |
| 0:03 | Create | Villager (Male) |
| 0:03 | Create | Villager (Male) |
| 0:03 | Create | Villager (Male) |
| 0:03 | Create | Villager (Male) |
| 0:03 | Create | Villager (Male) |
| 0:05 | Build | House |
| 0:07 | Build | House |
| 0:08 | Build | House |
| 1:31 | Create | Villager (Male) |
| 1:31 | Create | Villager (Male) |
| 2:11 | Create | Villager (Male) |
| 2:12 | Create | Villager (Male) |
| 3:07 | Create | Villager (Male) |
| 3:09 | Create | Villager (Male) |
| 3:11 | Create | Villager (Male) |
| 3:27 | Create | Villager (Male) |
| 3:35 | Create | Villager (Male) |
| 3:46 | Build | Lumber Camp |
| 4:00 | Create | Villager (Male) |
| 4:02 | Create | Villager (Male) |
| 5:43 | Create | Villager (Male) |
| 5:43 | Create | Villager (Male) |
| 6:10 | Create | Villager (Male) |
| 6:24 | Build | House |
| 7:07 | Create | Villager (Male) |
| 7:07 | Create | Villager (Male) |
| 7:25 | Create | Villager (Male) |
| 7:59 | Build | Palisade Wall |
| 8:08 | Build | Mill |
| 8:57 | Build | Farm |
| 8:59 | Research | Feudal Age |
| 9:19 | Build | Palisade Wall |
| 9:22 | Create | Villager (Male) |
| 9:22 | Create | Villager (Male) |
| 9:23 | Research | Loom |
| 9:23 | Create | Villager (Male) |
| 9:40 | Build | House |
| 9:43 | Build | House |
| 9:46 | Build | Palisade Wall |
| 10:43 | Build | Palisade Wall |
| 10:48 | Build | Palisade Wall |
| 11:00 | Build | Barracks |
| 11:02 | Build | House |
| 11:04 | Build | House |
| 11:09 | Age | Feudal Age |
| 11:54 | Create | Villager (Male) |
| 12:04 | Build | Farm |
| 12:32 | Build | Mining Camp |
| 12:51 | Build | Palisade Wall |
| 12:54 | Build | Archery Range |
| 13:11 | Build | Farm |
| 13:16 | Create | Villager (Male) |
| 13:16 | Create | Villager (Male) |
| 13:19 | Build | Farm |
| 13:35 | Create | Spearman |
| 13:35 | Create | Spearman |
| 13:45 | Build | Farm |
| 14:02 | Build | Farm |
| 14:10 | Build | Palisade Wall |
| 14:31 | Create | Villager (Male) |
| 14:31 | Create | Villager (Male) |
| 14:56 | Create | Archer |
| 14:56 | Create | Archer |
| 15:05 | Create | Villager (Male) |
| 15:16 | Build | Blacksmith |
| 15:54 | Build | Palisade Wall |
| 15:57 | Build | Palisade Wall |
| 16:01 | Research | Castle Age |
| 16:03 | Create | Archer |
| 16:03 | Create | Archer |
| 16:08 | Research | Padded Archer Armor |
| 16:15 | Build | Palisade Gate |
| 16:40 | Create | Villager (Male) |
| 16:40 | Create | Villager (Male) |
| 16:57 | Research | Double-Bit Axe |
| 16:59 | Research | Gold Mining |
| 17:08 | Build | House |
| 17:12 | Build | House |
| 17:15 | Build | Mining Camp |
| 17:19 | Research | Fletching |
| 17:20 | Create | Archer |
| 17:20 | Create | Archer |
| 17:20 | Create | Archer |
| 18:10 | Build | Market |
| 18:15 | Create | Villager (Male) |
| 18:35 | Build | Palisade Gate |
| 18:41 | Age | Castle Age |
| 18:57 | Build | Town Center |
| 19:21 | Build | Town Center |
| 19:36 | Create | Archer |
| 19:36 | Create | Archer |
| 19:36 | Create | Archer |
| 19:37 | Research | Crossbowman (upgrade) |
| 20:11 | Build | House |
| 20:13 | Build | House |
| 20:14 | Build | House |
| 20:15 | Build | House |
| 20:24 | Create | Villager (Male) |
| 20:24 | Create | Villager (Male) |
| 20:32 | Build | Lumber Camp |
| 20:37 | Create | Villager (Male) |
| 20:37 | Create | Villager (Male) |
| 20:38 | Create | Villager (Male) |
| 20:39 | Create | Villager (Male) |
| 20:44 | Build | Lumber Camp |
| 21:14 | Build | Farm |
| 21:15 | Build | Farm |
| 21:15 | Build | Farm |
| 21:16 | Build | Farm |
| 21:26 | Create | Villager (Male) |
| 21:31 | Build | House |
| 21:40 | Build | Farm |
| 21:42 | Create | Villager (Male) |
| 21:50 | Create | Villager (Male) |
| 21:54 | Build | House |
| 22:32 | Build | Barracks |
| 22:34 | Create | Villager (Male) |
| 22:35 | Create | Villager (Male) |
| 22:35 | Create | Villager (Male) |
| 22:36 | Create | Villager (Male) |
| 22:39 | Create | Archer |
| 22:39 | Create | Archer |
| 22:39 | Create | Archer |
| 22:52 | Create | Spearman |
| 22:52 | Create | Spearman |
| 22:53 | Create | Spearman |
| 23:12 | Build | Palisade Wall |
| 23:20 | Create | Villager (Male) |
| 23:21 | Create | Villager (Male) |
| 24:01 | Create | Villager (Male) |
| 24:01 | Create | Villager (Male) |
| 24:02 | Create | Villager (Male) |
| 24:05 | Create | Archer |
| 24:05 | Create | Archer |
| 24:06 | Create | Archer |
| 24:06 | Create | Archer |
| 24:07 | Create | Archer |
| 24:13 | Build | Farm |
| 24:13 | Build | Farm |
| 24:13 | Build | Farm |
| 24:14 | Build | Farm |
| 24:36 | Create | Villager (Male) |
| 24:36 | Create | Villager (Male) |
| 24:36 | Create | Villager (Male) |
| 24:37 | Create | Villager (Male) |
| 24:38 | Create | Archer |
| 24:38 | Create | Archer |
| 24:39 | Create | Archer |
| 24:39 | Create | Archer |
Match timeline
| 7:59 | zuri_gos · wall_segment Palisade Wall x11 |
| 9:07 | Fatty · first_building Barracks |
| 9:19 | zuri_gos · wall_segment Palisade Wall x4 |
| 9:46 | zuri_gos · wall_segment Palisade Wall x1 |
| 10:20 | Fatty · age_up feudal |
| 10:22 | Fatty · first_building Stable |
| 10:42 | ChrisMilonas · first_building Barracks |
| 10:43 | zuri_gos · wall_segment Palisade Wall x7 |
| 10:48 | zuri_gos · wall_segment Palisade Wall x6 |
| 11:00 | zuri_gos · first_building Barracks |
| 11:02 | PaperParrot9779 · age_up feudal |
| 11:09 | zuri_gos · age_up feudal |
| 11:29 | PaperParrot9779 · wall_segment Stone Wall x10 |
| 11:46 | ChrisMilonas · age_up feudal |
| 11:50 | PaperParrot9779 · wall_segment Stone Wall x22 |
| 12:19 | luis.eduardo.briceno · age_up feudal |
| 12:20 | PaperParrot9779 · wall_segment Stone Wall x4 |
| 12:51 | zuri_gos · wall_segment Palisade Wall x12 |
| 12:54 | zuri_gos · first_building Archery Range |
| 12:55 | PaperParrot9779 · wall_segment Stone Wall x5 |
| 14:10 | zuri_gos · wall_segment Palisade Wall x10 |
| 14:16 | Fatty · wall_segment Palisade Wall x2 |
| 14:44 | PaperParrot9779 · first_building Barracks |
| 14:57 | PaperParrot9779 · first_market_buy 100 stone |
| 15:54 | zuri_gos · wall_segment Palisade Wall x4 |
| 15:57 | zuri_gos · wall_segment Palisade Wall x18 |
| 16:11 | PaperParrot9779 · wall_segment Stone Wall x1 |
| 16:13 | PaperParrot9779 · wall_segment Stone Wall x1 |
| 16:53 | Leziggler · first_building Barracks |
| 16:58 | Leziggler · age_up feudal |
| 17:26 | luis.eduardo.briceno · age_up castle |
| 17:44 | PaperParrot9779 · first_building Stable |
| 18:13 | PaperParrot9779 · wall_segment Stone Wall x3 |
| 18:41 | zuri_gos · age_up castle |
| 18:42 | Fatty · wall_segment Palisade Wall x5 |
| 19:20 | PaperParrot9779 · age_up castle |
| 19:42 | Fatty · age_up castle |
| 19:57 | Fatty · first_building Siege Workshop |
| 21:48 | zuri_gos · first_market_buy 100 food |
| 23:01 | luis.eduardo.briceno · wall_segment Stone Wall x2 |
| 23:05 | Leziggler · first_building Archery Range |
| 23:12 | zuri_gos · wall_segment Palisade Wall x6 |
| 24:36 | ChrisMilonas · first_market_buy 100 food |
| 24:40 | PaperParrot9779 · wall_segment Stone Wall x4 |
| 25:15 | luis.eduardo.briceno · first_building Castle |
| 25:50 | Leziggler · first_building Stable |
| 27:20 | Leziggler · age_up castle |
| 27:23 | ChrisMilonas · age_up castle |
| 27:24 | Leziggler · first_building Siege Workshop |
| 30:17 | luis.eduardo.briceno · first_building Barracks |
| 30:47 | luis.eduardo.briceno · first_building Stable |
| 30:53 | zuri_gos · first_building Siege Workshop |
| 31:04 | PaperParrot9779 · first_building Castle |
| 31:33 | luis.eduardo.briceno · first_market_sell 100 wood |
| 31:56 | Fatty · first_building Castle |
| 34:33 | zuri_gos · first_building Castle |
| 34:43 | ChrisMilonas · resign |
[ AI ANALYSIS · 1 CREDIT ]
What really happened in this match?
Wolo.gg analyzes every decision: build order, eco, micro, common mistakes by bracket. Personalized analysis on WhatsApp or Discord in 30 seconds.
Civ guide
Goths
Map guide
Lombardia
Perfil
Jugador #4350318